 Dungeon Crawl Stone Soup version 0.28-b1-25-g9875b3fc8c (webtiles) character file.

Game seed: 10425904741407434824

176671 pkoi the Crack Shot (level 17, -1/147 HPs)
             Began as a Minotaur Gladiator on Feb 3, 2022.
             Was the Champion of Lugonu.
             Killed from afar by a ghostly deep elf sorcerer (35 damage)
             ... with a bolt of acid
             ... on level 3 of the Elven Halls.
             The game lasted 00:51:55 (31386 turns).

pkoi the Crack Shot (Minotaur Gladiator)           Turns: 31386, Time: 00:51:57

Health: -1/147     AC: 24    Str: 29    XL:     17   Next: 51%
Magic:  26/26      EV: 11    Int:  5    God:    Lugonu [******]
Gold:   2170       SH:  5    Dex: 14    Spells: 24/24 levels left

rFire   + + .      SeeInvis +   b - +8 storm bow {elec, penet}
rCold   + + +      Faith    .   (shield currently unavailable)
rNeg    + . .      Spirit   .   X - +4 plate armour {Will+}
rPois   +          Reflect  +   c - +1 hat
rElec   .          Harm     .   i - +1 cloak of Knowledge {rF+}
rCorr   .          Rampage  .   m - +0 pair of gloves
Will    +....                   t - +2 pair of boots {Stlth+}
Stlth   +.........              e - amulet of reflection
HPRegen 0.34/turn               q - ring of Icio {rF+ rC++ rN+ Will- Stlth+}
MPRegen 0.20/turn               u - ring "Bemiaff" {Drain rPois rC+ Str+4 SInv}

@: corroded, studying Spellcasting
A: horns 2, retaliatory headbutt
a: Renounce Religion, Depart the Abyss, Bend Space, Banish, Corrupt, Enter the
Abyss, Brand Weapon With Distortion


You were on level 3 of the Elven Halls.
You worshipped Lugonu.
Lugonu was exalted by your worship.
You visited 4 branches of the dungeon, and saw 26 of its levels.
You visited 1 bazaar.
You also visited: Bailey and Gauntlet.

You collected 2870 gold pieces.
You spent 700 gold pieces at shops.

Inventory:

Hand Weapons
 a - a +1 war axe
 b - the +8 storm bow (weapon) {elec, penet}
   (You acquired it on level 4 of the Dungeon)

   Any ammunition fired from it occasionally discharges a powerful burst of
   electricity upon striking a foe.
   Any ammunition fired by it passes through the targets it hits, potentially
   hitting all targets in its path until it reaches maximum range.
Missiles
 d - 3 throwing nets
 n - 566 arrows (quivered ammo)
Armour
 c - a +1 hat (worn)
 i - the +1 cloak of Knowledge (worn) {rF+}
   (You found it in a Gauntlet)

   rF:        It protects you from fire.
 m - a +0 pair of gloves (worn)
 t - a +2 pair of boots of stealth (worn)
 X - a +4 plate armour of willpower (worn)
Jewellery
 e - an amulet of reflection (around neck)
 q - the ring of Icio (left hand) {rF+ rC++ rN+ Will- Stlth+}
   (You found it on level 15 of the Dungeon)

   [ring of protection from fire]

   rF:        It protects you from fire.
   rC:        It greatly protects you from cold.
   rN:        It protects you from negative energy.
   Will:      It decreases your willpower.
   Stlth:     It makes you more stealthy.
 u - the ring "Bemiaff" (right hand) {Drain rPois rC+ Str+4 SInv}
   (You found it on level 6 of the Lair of Beasts)

   [ring of protection from cold]

   Str:       It affects your strength (+4).
   rC:        It protects you from cold.
   rPois:     It protects you from poison.
   SInv:      It lets you see invisible.
   Drain:     It drains your maximum health when unequipped.
 x - an amulet of the acrobat
Wands
 g - a wand of charming (8)
 h - a wand of flame (55)
 s - a wand of polymorph (7)
 v - a wand of acid (13)
 y - a wand of iceblast (15)
 z - a wand of mindburst (7)
 A - a wand of paralysis (34)
Scrolls
 f - 2 scrolls of amnesia
 l - 8 scrolls of enchant weapon
 o - 8 scrolls of teleportation
 r - 2 scrolls of magic mapping
 w - 6 scrolls of enchant armour
 I - a scroll of fear
 J - 3 scrolls of blinking
 K - 2 scrolls of fog
 T - a scroll of summoning
 U - a scroll of silence
Potions
 j - 11 potions of curing
 k - 10 potions of haste
 B - 6 potions of heal wounds
 C - 3 potions of resistance
 D - 2 potions of might
 E - 5 potions of invisibility
 G - 3 potions of cancellation
 P - 2 potions of magic
 R - 3 potions of flight
Miscellaneous
 Z - a phantom mirror


   Skills:
 + Level 12.3 Fighting
 - Level 12.0 Axes
 + Level 21.7 Bows
 - Level 2.0 Throwing
 + Level 13.5 Armour
 + Level 8.5 Dodging
 + Level 5.1 Stealth
 - Level 4.0 Spellcasting
 + Level 14.2 Invocations
 - Level 6.2 Evocations


You had 24 spell levels left.
You didn't know any spells.
Your spell library contained the following spells:

 Spells                   Type           Power      Damage    Failure   Level
 Magic Dart               Conj           4%         1d3       91%         1
 Slow                     Hex            4%         N/A       91%         1
 Summon Small Mammal      Summ           4%         N/A       91%         1
 Call Imp                 Summ           1%         N/A       97%         2
 Searing Ray              Conj           2%         2d4       97%         2
 Call Canine Familiar     Summ           1%         N/A       100%        3
 Confusing Touch          Hex            1%         N/A       100%        3
 Conjure Flame            Conj/Fire      1%         6-21      100%        3
 Frozen Ramparts          Ice            2%         1d2       100%        3
 Portal Projectile        Hex/Tloc       2%         N/A       100%        3
 Tukima's Dance           Hex            1%         N/A       100%        3
 Vampiric Draining        Necr           1%         2d6       100%        3
 Anguish                  Hex/Necr       0%         N/A       100%        4
 Animate Armour           Summ/Erth      2%         N/A       100%        4
 Animate Dead             Necr           0%         N/A       100%        4
 Fulminant Prism          Conj/Hex       0%         3d6       100%        4
 Ice Form                 Ice/Tmut       1%         N/A       100%        4
 Leda's Liquefaction      Hex/Erth       0%         N/A       100%        4
 Summon Ice Beast         Ice/Summ       1%         N/A       100%        4
 Borgnjor's Vile Clutch   Necr/Erth      0%         N/A       100%        5
 Death Channel            Necr           0%         N/A       100%        6
 Enfeeble                 Hex            0%         N/A       100%        7
 Infestation              Necr           0%         N/A       100%        8
 Dragon's Call            Summ           0%         N/A       100%        9
 Fire Storm               Conj/Fire      0%         6d1       100%        9


Dungeon Overview and Level Annotations

Branches:
Dungeon (15/15)            Temple (0/1) D:5            Lair (6/6) D:9
  Swamp (0/4) Lair:4       Spider (0/4) Lair:4        Slime (0/5) Lair:5
    Orc (2/2) D:10            Elf (3/3) Orc:2        Vaults (0/5) D:13
 Depths (0/4) D:15         Bailey (visited)         Gauntlet (visited)

Altars:
Cheibriados
Gozag
Makhleb
Nemelex Xobeh
Okawaru
Qazlal
Trog
Vehumet
Xom
Zin
The Shining One
Beogh
Jiyva
Lugonu

Shops:
D:1 *   D:4 [   D:5 !   D:8 [   D:10 *   D:12 *   D:14 *   D:15 :*?
Orc:2 =(*[??   Elf:1 (([??   Elf:2 ?   Elf:3 =

Portals:
Hell: Lair:6
Trove: D:11 (give 15 potions of curing)

Annotations:
Lair:5 2 transporters, GilGalad's ghost, journeyman MiFi


Innate Abilities, Weirdness & Mutations

You have a pair of horns on your head.
You reflexively headbutt those who attack you in melee.


Message History

You furiously retaliate!
You headbutt the deep elf death mage.
The ghostly deep elf elementalist hits you but does no damage.
The deep elf sorcerer hits you but does no damage.
Unknown command.
You slash the deep elf sorcerer!
The deep elf sorcerer is no longer moving quickly.
The lost soul assumes the form of the deep elf sorcerer and becomes anchored to this world!
You hit the deep elf death mage.
You barely miss the ghostly deep elf elementalist.
The deep elf death mage hits you but does no damage.
The ghostly deep elf elementalist hits you but does no damage.
Unknown command.
The ghostly deep elf sorcerer gestures at you while chanting.
The bolt of acid hits you!
* * * LOW HITPOINT WARNING * * *
The acid corrodes you!
The ghostly deep elf sorcerer casts a spell.
The ghostly deep elf sorcerer seems to speed up.
Aiming: Corrosive Bolt
Press: ? - help, Shift-Dir - straight line, f - ghostly deep elf sorcerer, p - ghostly deep elf elementalist
Aim: a ghostly deep elf sorcerer, wielding a +0 long sword (fast, 64% to hit)
The bolt of acid hits the deep elf death mage!!
The acid corrodes the deep elf death mage!
The deep elf death mage is heavily wounded.
The bolt of acid hits the ghostly deep elf sorcerer!!
The acid corrodes the ghostly deep elf sorcerer!
The ghostly deep elf sorcerer is moderately damaged.
The deep elf death mage hits you with a +0 dagger.
* * * LOW HITPOINT WARNING * * *
Unknown command.
You hear the crackle of electricity.
b - the +8 storm bow (weapon)
{elec, penet} The ghostly deep elf sorcerer closely misses you.
You furiously retaliate!
You headbutt the ghostly deep elf sorcerer!
The ghostly deep elf elementalist mumbles some strange words.
The ghostly deep elf elementalist seems to speed up.
The ghostly deep elf sorcerer casts a spell at you.
The bolt of acid hits you!!
You die...

###+### ##....(#+ #######
#+.......## #.)...#
##.........### #.....#
#.........[..##
#.....######....♣.♣......##
#.....'....'....@e.e...#..###
#.<...######....♣e♣........(.
####### #..........))...(#
##### ##..........#.)...
###...####+.......### .(.(
###.......#+♣......## ...
#..)......♣.∩.♣#'###
#...........♣###'####
##...........#.......#


You could see a deep elf death mage (corroded), a ghostly deep elf sorcerer
(fast, corroded) and a ghostly deep elf elementalist (fast, repels missiles).

Vanquished Creatures
  A deep elf blademaster (Elf:2)
  Gastronok (D:12)
  Agnes (Elf:1)
  The ghost of Lepuefeh the Tortoise, a journeyman MiBe of Trog (Orc:2)
  A deep elf sorcerer (Elf:3)
  An orc warlord (Orc:2)
  The ghost of Gibbon the Tainter, a journeyman DsVM of Vehumet (Lair:6)
  4 deep elf demonologists
  A dire elephant (D:15)
  A deep elf annihilator (Elf:3)
  A minotaur (Gauntlet)
  3 deep elf death magi
  8 vault guards (D:13)
  Josephine (D:11)
  9 hydras
  A hell beast (Lair:6)
  A catoblepas (D:14)
  2 boulder beetles (D:12)
  2 two-headed ogres
  A centaur warrior (D:14)
  11 death yaks
  31 dancing weapons
  2 orc high priests
  12 deep elf knights
  7 skeletal warriors
  10 deep elf archers
  An orange crystal statue (D:9)
  11 orc knights
  2 wizards
  A lindwurm (Lair:6)
  A bog body (Lair:2)
  3 harpies (D:14)
  30 deep elf zephyrmancers
  22 deep elf pyromancers
  The ghost of Esekla the Ducker, a novice BaWn of Okawaru (D:6)
  3 orc sorcerers (Elf:1)
  4 manticores
  21 ugly things
  3 cyclopes
  17 elephants
  Maurice (D:8)
  A moth of wrath (Gauntlet)
  A salamander (D:15)
  An ice statue (Lair:2)
  Maggie (D:6)
  A torpor snail (Lair:6)
  A minotaur zombie (Gauntlet)
  16 cane toads
  A smoke demon (Lair:6)
  2 orange demons (Lair:6)
  An unseen horror (D:12)
  4 black mambas
  2 kobold demonologists
  A cane toad (shapeshifter) (D:14)
  5 rime drakes (Lair:6)
  A freezing wraith (D:11)
  3 efreet
  A yaktaur (D:15)
  19 komodo dragons
  2 red devils (Lair:6)
  4 ice devils
  3 burning bushes (Lair:5)
  7 meliai
  A troll (shapeshifter) (D:15)
  2 polar bears
  5 trolls
  A hornet (D:10)
  14 slime creatures
  7 dream sheep (Lair:6)
  9 blink frogs
  A centaur simulacrum (D:14)
  7 wraiths
  60 yaks
  A jumping spider (shapeshifter) (D:15)
  5 water elementals
  2 wyverns
  An air elemental (Elf:3)
  5 fire elementals
  8 basilisks
  A death yak simulacrum (Lair:2)
  4 redbacks (Gauntlet)
  5 steam dragons
  8 swamp worms
  5 wargs
  15 water moccasins
  2 acid dragons
  3 hell hounds (Lair:6)
  A sky beast (D:6)
  48 orc warriors
  2 ice beasts (D:6)
  A black bear (shapeshifter) (D:13)
  2 necrophages
  9 ogres
  9 wolves
  17 centaurs
  3 kobold brigands
  A wyvern zombie (D:6)
  18 bullfrogs
  2 gnoll sergeants
  2 scorpions (D:4)
  A cane toad simulacrum (Lair:2)
  A water moccasin zombie (D:7)
  A water moccasin skeleton (D:5)
  10 killer bees
  5 howler monkeys
  13 electric eels
  2 centaur zombies
  4 lava snakes (D:9)
  A jelly (D:6)
  A gnoll shaman (D:6)
  19 orc priests
  3 hounds
  An iron imp (D:5)
  3 centaur skeletons
  4 iguanas
  24 orc wizards
  A spriggan simulacrum (Lair:2)
  6 hell rats (Lair:5)
  A troll simulacrum (Lair:2)
  A hound skeleton (D:4)
  2 howler monkey zombies
  14 gnolls
  5 adders
  2 shadow imps (D:7)
  A white imp (D:5)
  2 ufetubi
  2 adder skeletons (D:4)
  A dart slug (D:4)
  104 orcs
  7 ball pythons
  8 endoplasms
  A giant cockroach (D:3)
  8 goblins
  6 hobgoblins
  8 jackals (D:5)
  4 quokkas
  4 bats
  2 frilled lizards
  10 kobolds
  5 rats
  A plant (Lair:1)
900 creatures vanquished.

Vanquished Creatures (others)
  A slime creature (D:13)
  A sky beast (D:6)
  17 fungi
  22 plants
  A withered plant (D:14)
42 creatures vanquished.

Grand Total: 942 creatures vanquished

Notes
Turn   | Place    | Note
-------+----------+-------------------------------------------
     0 | D:1      | pkoi the Minotaur Gladiator began the quest for the Orb.
     0 | D:1      | Reached XP level 1. HP: 18/18 MP: 0/0
    68 | D:1      | Found Reocw's General Store.
   275 | D:1      | Reached XP level 2. HP: 25/25 MP: 1/1
   290 | D:1      | Reached skill level 1 in Armour
   710 | D:1      | Found a faded altar of an unknown god.
   723 | D:1      | Prayed at the altar of an unknown god.
   723 | D:1      | Became a worshipper of Lugonu the Unformed
   723 | D:1      | Reached * piety under Lugonu
   723 | D:1      | Reached ** piety under Lugonu
  1254 | D:2      | Reached XP level 3. HP: 28/31 MP: 2/2
  1536 | D:3      | Reached skill level 1 in Invocations
  1553 | D:3      | Reached XP level 4. HP: 7/38 MP: 2/4
  2481 | D:4      | Identified a scroll of acquirement
  2481 | D:4      | Acquired the +8 storm bow {elec, penet}
  2481 | D:4      | Found the +8 storm bow {elec, penet}
  2491 | D:4      | Reached skill level 5 in Axes
  2635 | D:4      | Noticed an ogre
  2641 | D:4      | Killed an ogre
  2642 | D:4      | Reached skill level 1 in Bows
  2642 | D:4      | Reached XP level 5. HP: 36/46 MP: 5/5
  2772 | D:4      | Reached skill level 2 in Bows
  2772 | D:4      | Reached XP level 6. HP: 52/52 MP: 7/7
  2779 | D:4      | Reached *** piety under Lugonu
  2783 | D:4      | Found Bule Toss's Antique Armour Shop.
  2995 | D:4      | Found an opulent altar of Gozag.
  2995 | D:4      | Found a shimmering altar of Xom.
  3183 | D:5      | Entered Level 5 of the Dungeon
  3183 | D:5      | Found Ackairaib's Distillery.
  3194 | D:5      | Bought a potion of mutation for 96 gold pieces
  3202 | D:5      | Found a snail-covered altar of Cheibriados.
  3206 | D:5      | Reached skill level 3 in Bows
  3225 | D:5      | Reached XP level 7. HP: 58/58 MP: 8/8
  3329 | D:5      | Found a staircase to the Ecumenical Temple.
  3795 | D:5      | Reached skill level 4 in Bows
  3925 | D:6      | Noticed a steam dragon
  3930 | D:6      | Killed a steam dragon
  4317 | D:6      | Noticed Maggie
  4317 | D:6      | Noticed a steam dragon
  4321 | D:6      | Reached skill level 5 in Bows
  4328 | D:6      | Killed a steam dragon
  4329 | D:6      | Reached XP level 8. HP: 24/66 MP: 10/10
  4338 | D:6      | Killed Maggie
  4339 | D:6      | Reached skill level 6 in Bows
  4339 | D:6      | Reached skill level 5 in Invocations
  4716 | D:6      | Reached skill level 7 in Bows
  4812 | D:6      | Found a transporter.
  4815 | D:6      | Found a transporter.
  4815 | D:6      | Noticed Esekla's ghost (novice BaWn)
  4816 | D:6      | Noticed a kobold demonologist
  4819 | D:6      | Noticed a cyclops
  5175 | D:6      | Reached skill level 8 in Bows
  5182 | D:6      | Reached **** piety under Lugonu
  5191 | D:6      | Reached XP level 9. HP: 62/71 MP: 12/12
  5258 | D:6      | Reached skill level 9 in Bows
  5574 | D:7      | Reached skill level 10 in Bows
  6137 | D:7      | Found a glowing golden altar of the Shining One.
  6281 | D:8      | Found Cheibriados's Comfort Zone.
  6281 | D:8      | Found a snail-covered altar of Cheibriados.
  6320 | D:7      | Reached skill level 11 in Bows
  6491 | D:8      | Reached ***** piety under Lugonu
  6589 | D:8      | Found a flagged portal.
  6596 | Bailey   | Entered a bailey
  7074 | Bailey   | Noticed an orc knight
  7086 | Bailey   | Killed an orc knight
  7087 | Bailey   | Reached skill level 12 in Bows
  7087 | Bailey   | Reached XP level 10. HP: 16/78 MP: 14/14
  7411 | Bailey   | Reached skill level 16 in Bows
  7411 | Bailey   | Reached XP level 11. HP: 81/83 MP: 15/15
  7562 | D:8      | Noticed Maurice
  7930 | D:8      | Paralysed by Maurice for 7 turns
  7952 | D:8      | Killed Maurice
  8464 | D:9      | Found a bloodstained altar of Trog.
  8640 | D:9      | Noticed an orange crystal statue
  8654 | D:9      | Killed an orange crystal statue
  8845 | D:9      | Found a staircase to the Lair.
  8863 | D:9      | Found an iron altar of Okawaru.
  8922 | D:10     | Entered Level 10 of the Dungeon
  8957 | D:10     | Found a glowing silver altar of Zin.
  9111 | D:10     | Found a radiant altar of Vehumet.
  9204 | D:10     | Found a staircase to the Orcish Mines.
  9343 | D:10     | Reached skill level 5 in Fighting
  9613 | D:10     | Found Gaymin's Fire Supplies.
 10073 | D:11     | Found a sparkling altar of Nemelex Xobeh.
 10081 | D:11     | Noticed a two-headed ogre
 10084 | D:11     | Killed a two-headed ogre
 10240 | D:11     | Found a portal to a secret trove of treasure.
 10282 | D:11     | Reached skill level 5 in Armour
 10346 | D:11     | Noticed Josephine
 10350 | D:11     | Killed Josephine
 10351 | D:11     | Reached skill level 17 in Bows
 10458 | Lair:1   | Entered Level 1 of the Lair of Beasts
 10459 | Lair:1   | Acquired a manual of Spellcasting
 10719 | Lair:1   | Reached XP level 12. HP: 97/97 MP: 17/17
 10878 | Lair:1   | Noticed a five-headed hydra
 10881 | Lair:1   | Killed a five-headed hydra
 10911 | Lair:1   | Found a glowing golden altar of the Shining One.
 11138 | Lair:1   | Reached ****** piety under Lugonu
 11962 | Lair:2   | Noticed a death yak
 11973 | Lair:2   | Noticed a death yak
 11974 | Lair:2   | Killed a death yak
 11984 | Lair:2   | Killed a death yak
 11985 | Lair:2   | Reached skill level 18 in Bows
 12829 | Lair:3   | Reached XP level 13. HP: 108/108 MP: 19/19
 13048 | Lair:3   | You fall into a shaft and drop 1 floor!
 13287 | Lair:4   | Found a hole to the Spider Nest.
 13550 | Lair:4   | Found a staircase to the Swamp.
 13558 | Lair:4   | Reached skill level 19 in Bows
 14563 | Lair:5   | Reached skill level 10 in Armour
 14718 | Lair:5   | Reached skill level 20 in Bows
 14770 | Lair:5   | Noticed GilGalad's ghost (journeyman MiFi)
 14771 | Lair:5   | Identified the +8 morningstar of Glory {vorpal, rC+ rN+}
 14852 | Lair:5   | Found a viscous altar of Jiyva.
 14852 | Lair:5   | Found a staircase to the Slime Pits.
 15119 | Lair:5   | Found a transporter.
 15129 | Lair:5   | Found a bloodstained altar of Trog.
 15129 | Lair:5   | Found a transporter.
 15283 | Lair:6   | Entered Level 6 of the Lair of Beasts
 15293 | Lair:6   | Reached XP level 14. HP: 118/118 MP: 20/20
 15326 | Lair:6   | Got the Handbook of the Ghastly Volcanoes
 15466 | Lair:6   | Reached skill level 10 in Invocations
 15493 | Lair:6   | Reached skill level 1 in Spellcasting
 15508 | Lair:6   | Reached skill level 1 in Stealth
 15510 | Lair:6   | Reached skill level 1 in Evocations
 16175 | Lair:6   | Found a runed translucent door.
 16478 | Lair:6   | Found a burning altar of Makhleb.
 16490 | Lair:6   | Reached skill level 5 in Dodging
 16639 | Lair:6   | Found a gateway to Hell.
 16653 | Lair:6   | Identified the ring of Uzax Lach {Fire rPois Str+3}
 16725 | Lair:6   | Noticed Gibbon's ghost (journeyman DsVM)
 17058 | D:12     | Noticed Gastronok
 17064 | D:12     | Killed Gastronok
 17065 | D:12     | Reached skill level 10 in Fighting
 17585 | D:12     | Identified the +5 dagger of Undoing {vamp, Str+7}
 17669 | D:12     | Found Muimpo's General Store.
 18140 | D:13     | Found a gate leading to a gauntlet.
 18169 | Gauntlet | Entered a Gauntlet
 18169 | Gauntlet | Found a transporter.
 18178 | Gauntlet | Found a transporter.
 18189 | Gauntlet | Found a runed translucent door.
 18192 | Gauntlet | Found a transporter.
 18194 | Gauntlet | Found a transporter.
 18210 | Gauntlet | Found a transporter.
 18224 | Gauntlet | Found a transporter.
 18237 | Gauntlet | Found a transporter.
 18254 | Gauntlet | Found a transporter.
 18266 | Gauntlet | Found a transporter.
 18284 | Gauntlet | Found a transporter.
 18295 | Gauntlet | Found a transporter.
 18295 | Gauntlet | Found a transporter.
 18379 | Gauntlet | Identified the +1 cloak of Knowledge {rF+}
 18396 | Gauntlet | Identified the +1 halberd "Rycemp" {freeze, rElec rN+
                  | Will-}
 18504 | Gauntlet | Identified the ring of the Harvest {Wiz rElec rC+ Will++
                  | Dex-4}
 18645 | D:13     | Reached XP level 15. HP: 126/126 MP: 22/22
 18819 | D:13     | Found a gate to the Vaults.
 18831 | D:13     | Reached skill level 21 in Bows
 19456 | Orc:1    | Entered Level 1 of the Orcish Mines
 19627 | Orc:1    | You fall into a shaft and drop 1 floor!
 19627 | Orc:2    | Entered Level 2 of the Orcish Mines
 19627 | Orc:2    | Found Bedohuin's Magic Scroll Shop.
 20168 | Orc:2    | Found Rujuasm's Jewellery Boutique.
 20636 | Orc:2    | Noticed an orc warlord
 20647 | Orc:2    | Killed an orc warlord
 20946 | Orc:2    | Found Eqemoofi's Armour Boutique.
 20946 | Orc:2    | Found Xoomesox's Assorted Antiques.
 20950 | Orc:2    | Found Qitom's Antique Weapon Emporium.
 20952 | Orc:2    | Found Gouch's Magic Scroll Shop.
 20957 | Orc:2    | Bought a scroll labelled PIXKONG XOZY for 35 gold pieces
 21016 | Orc:2    | Found a gateway to a bazaar.
 21125 | Orc:2    | Found a staircase to the Elven Halls.
 21310 | Orc:2    | Found a runed translucent gate.
 21310 | Orc:2    | Noticed Lepuefeh's ghost (journeyman MiBe)
 21311 | Orc:2    | Found a runed translucent gate.
 21312 | Orc:2    | Found a runed translucent gate.
 21631 | D:12     | Bought 22 arrows for 61 gold pieces
 22171 | D:14     | You fall into a shaft and drop 1 floor!
 22171 | D:15     | Entered Level 15 of the Dungeon
 22375 | D:14     | Found Ihydanin's General Store.
 22628 | D:14     | Reached skill level 10 in Axes
 23345 | D:15     | Found Riry's Magic Scroll Shoppe.
 23410 | D:15     | Reached XP level 16. HP: 136/136 MP: 24/24
 23418 | D:15     | Found Tekhean's Assorted Antiques.
 23453 | D:15     | Found Nuoruah's Book Emporium.
 23514 | D:15     | Identified the ring of Icio {rF+ rC++ rN+ Will- Stlth+}
 23828 | D:15     | Found a staircase to the Depths.
 24471 | D:15     | Found a stormy altar of Qazlal.
 24674 | Elf:1    | Entered Level 1 of the Elven Halls
 24752 | Elf:1    | Found Zojas's Magic Scroll Shop.
 24864 | Elf:1    | Found Cotwyhat's Weapon Emporium.
 25097 | Elf:1    | Noticed Agnes
 25103 | Elf:1    | Killed Agnes
 25348 | Elf:1    | Found Yniext's Antique Weapon Emporium.
 25386 | Elf:1    | Noticed a Brimstone Fiend
 25826 | Elf:1    | Got the Grimoire of Creation
 26176 | Elf:1    | Found Badda's Armour Boutique.
 26376 | Elf:1    | Reached skill level 5 in Evocations
 26662 | Elf:1    | Found Natodghia's Magic Scroll Boutique.
 27598 | Elf:2    | Found a runed translucent gate.
 27598 | Elf:2    | Found a runed translucent gate.
 27598 | Elf:2    | Found a runed translucent gate.
 28071 | Elf:2    | Found Fexaejeg's Magic Scroll Boutique.
 28079 | Elf:2    | Bought a scroll of blinking for 127 gold pieces
 28079 | Elf:2    | Bought a scroll of teleportation for 51 gold pieces
 28309 | Elf:2    | Reached XP level 17. HP: 145/145 MP: 26/26
 28884 | Elf:2    | Noticed a deep elf blademaster
 28898 | Elf:2    | Killed a deep elf blademaster
 29825 | Lair:6   | Killed Gibbon's ghost
 29958 | Lair:6   | Identified the ring "Bemiaff" {Drain rPois rC+ Str+4 SInv}
 30276 | Orc:2    | Killed Lepuefeh's ghost
 30649 | Orc:2    | Identified the +0 cloak of Bedevilment {Dex+3}
 30790 | D:6      | Killed Esekla's ghost
 30970 | Bazaar   | Entered a bazaar
 30970 | Bazaar   | Found Gotodweg's Book Shop.
 30970 | Bazaar   | Found Wauczil's Antique Weapon Emporium.
 30970 | Bazaar   | Found Nel Esah's General Store.
 30970 | Bazaar   | Found Viadaonn's Distillery.
 30972 | Bazaar   | Found Besin's Jewellery Shoppe.
 31012 | Bazaar   | Bought an amulet of reflection for 330 gold pieces
 31119 | Elf:3    | Entered Level 3 of the Elven Halls
 31137 | Elf:3    | Found Zuiworai's Jewellery Emporium.
 31315 | Elf:3    | Paralysed by an air elemental for 1 turns
 31356 | Elf:3    | Reached skill level 5 in Stealth
 31386 | Elf:3    | Killed from afar by a ghostly deep elf sorcerer

Illustrated notes

Levels and vault maps discovered:
D:1:      minmay_arrival_stone_box, layout_basic,
          nicolae_ecumenical_snake_handling, serial_shops,
          nicolae_shop_statue_plus
D:2:      layout_rooms, grunt_decor_fettered, grunt_decor_one_mirror
D:3:      layout_loops_ring
D:4:      layout_rooms, nicolae_overflow_hidden_temple, serial_shops,
          shop_statue
D:5:      layout_loops_ring, slow_altar_1, minmay_temple_entry_waves,
          serial_shops, nicolae_shop_waterfront
D:6:      minmay_chambers_of_threes, layout_loops_cross, gammafunk_ghost_arena,
          minmay_misc_feat_five, uniq_maggie
D:7:      layout_basic, tso_altar, serial_bayou_pond_b
D:8:      layout_basic, enter_bailey_2, minmay_shop_chei,
          kennysheep_generic_room_2, uniq_maurice
D:9:      layout_big_octagon, kennysheep_okawaru_gauntlet, bloody_trog,
          nicolae_lava_and_water, disabler_island
D:10:     layout_roguey, mainiacjoe_overflow_24_doors, nicolae_vehumet_radiance,
          orc_0_dummy, grunt_decor_cap, nicolae_shop_fire_sale
          [nicolae_sub_dead_trees]
D:11:     layout_basic, enter_trove_0, nemelex_xobeh_ov_fountains_minmay,
          uniq_josephine
D:12:     layout_layer_cave, serial_shops, nicolae_shop_advertising_works
          [nicolae_subvault_shop_adworks], uniq_gastronok
D:13:     layout_cave_pods, erik_vaults_2, gauntlet_entry_generic
D:14:     layout_basic, chequers_serial_rivers_marsh, serial_shops, shop,
          argonaut_gorgonesque
D:15:     hangedman_depths_entry_try_elsewhere_first, layout_layer_cave,
          serial_shops, shop, nicolae_shop_stone, shop_fountains,
          minmay_misc_feat_plants, grunt_qazlal_clouds
Lair:1:   layout_cave_pods, basic_altar, worms_lemuel, infiniplex_staircase_pool
Lair:2:   dreamdust_isle_of_ice, layout_gridlike
Lair:3:   nzn_winding_woodlands_stair_trap
          [nzn_winding_woodlands_5x15_river_crossing,
          nzn_winding_woodlands_5x15_garden, nzn_winding_woodlands_5x15_default,
          nzn_winding_woodlands_15x15_eel_pit,
          nzn_winding_woodlands_5x15_sidewinder,
          nzn_winding_woodlands_5x15_lazy_stream,
          nzn_winding_woodlands_5x15_twine], layout_misc_corridors, uniq_fannar,
          uniq_urug
Lair:4:   layout_layer_cave, minmay_swamp_entry_worms,
          hellmonk_spider_entry_not_the_bees, st_stairs_6, serial_bayou_shore_a
Lair:5:   layout_regular_city, slime_altar_1, gammafunk_ghost_wrathful_warriors,
          evilmike_ambush [evilmike_ambush_outer_pillars,
          evilmike_ambush_inner_basic]
Lair:6:   evil_forest, layout_hall_layers, ebering_ghost_reflecting_pool,
          chequers_serial_rivers_small_b
Orc:1:    layout_diamond_mine, basic_altar
Orc:2:    st_orc_rangers, layout_caves, basic_altar, biasface_ghost_orc_armoury,
          serial_shops, bzr_entry_dummy, nicolae_shop_statue_plus, shop
Elf:1:    elf_arrival_001, layout_geoelf_diagonals, serial_shops,
          nicolae_square_shop, shop, nicolae_shop_crystal, nicolae_shop_trees,
          nicolae_shop_bloodbath_and_beyond, minmay_elf_demonology, uniq_agnes
Elf:2:    nicolae_elf_blades_splatter_lattice
          [nicolae_blade_entry_sentries_behind_glass], layout_loops_cross,
          serial_shops, nicolae_shop_hallway_stairs,
          nicolae_elf_glass_and_crystal_pillar_1, hangedman_elf_power_crystal,
          minivault_26
Elf:3:    minmay_elf_hall_statues, layout_geoelf_octagon, serial_shops,
          shop_fountains, shop, shop, nicolae_shop_crystal, nicolae_shop_trees

Skill      XL: |  1  2  3  4  5  6  7  8  9 10 11 12 13 14 15 16 17 |
---------------+----------------------------------------------------+-----
Axes           | 4 5 6 10 12 | 12.0
Armour         | 1 2 5 8 10 11 12 13 | 13.5
Fighting       | 3 6 8 9 10 11 12 | 12.3
Invocations    | 1 2 3 4 6 7 8 9 10 12 13 14 | 14.2
Bows           | 1 2 3 5 8 12 16 17 18 20 21 | 21.7
Spellcasting   | 3 4 |  4.0
Stealth        | 2 4 5 |  5.1
Evocations     | 3 4 5 6 |  6.2
Dodging        | 5 6 7 8 |  8.5
Throwing       | |  2.0

Action                   |  1- 3 |  4- 6 |  7- 9 | 10-12 | 13-15 | 16-18 || total
-------------------------+-------+-------+-------+-------+-------+-------++-------
Melee: War axe           |    72 |    19 |     7 |       |    28 |    18 ||   144
       Headbutt          |     1 |     3 |       |       |     6 |       ||    10
       Punch             |     1 |       |       |       |       |       ||     1
       Longbow           |       |       |       |       |     3 |       ||     3
 Fire: Longbow           |       |    53 |   176 |   397 |  1025 |   600 ||  2251
Evoke: Wand              |       |       |     1 |       |       |     2 ||     3
  Use: Scroll            |     3 |     2 |     6 |     7 |    10 |     1 ||    29
       Potion            |     3 |       |     2 |     1 |       |     2 ||     8
 Stab: Invisible         |     1 |       |       |       |       |       ||     1
Armor: Leather armour    |    22 |     1 |       |       |       |       ||    23
       Plate armour      |       |    28 |    53 |    23 |   161 |   102 ||   367
       Skin              |       |       |     2 |       |       |       ||     2
Dodge: Dodged            |    71 |    12 |    32 |    23 |   105 |    86 ||   329
Block: Other             |       |       |       |       |       |     5 ||     5
       Reflection        |       |       |       |       |       |     1 ||     1
